 Dungeon Crawl Stone Soup version 0.28-a0-863-g8cecda6153 (webtiles) character file.

Game seed: 13599693311517043494

266 mcbry74 the Insei (level 6, -7/38 HPs)
             Began as a Merfolk Transmuter on Nov 18, 2021.
             Killed from afar by a steam dragon (19 damage)
             ... with a ball of steam
             ... on level 4 of the Dungeon.
             The game lasted 00:15:49 (4329 turns).

mcbry74 the Insei (Merfolk Transmuter)              Turns: 4329, Time: 00:15:51

Health: -7/38      AC:  2    Str: 11    XL:     6   Next: 20%
Magic:  5/8        EV: 20    Int: 14    God:
Gold:   101        SH:  0    Dex: 21    Spells: 5/9 levels left

rFire   . . .      SeeInvis .     - Unarmed
rCold   . . .      Faith    .   (shield currently unavailable)
rNeg    . . .      Spirit   .   (armour currently unavailable)
rPois   x          Reflect  .   (helmet currently unavailable)
rElec   .          Harm     .   (cloak currently unavailable)
rCorr   .          Rampage  .   (gloves currently unavailable)
Will    .....                   (boots currently unavailable)
Stlth   +++.......              g - amulet of the acrobat
HPRegen 0.12/turn               (no ring)
MPRegen 0.11/turn               (no ring)

@: spider-form
A: venomous fangs, tiny, (nimble swimmer 2), (mertail), thin skeletal structure
1, frail 1, low mp 1
a: End Transformation


You were on level 4 of the Dungeon.
You were a venomous arachnid creature.
You visited 1 branch of the dungeon, and saw 4 of its levels.

You collected 169 gold pieces.
You spent 68 gold pieces at shops.

Inventory:

Missiles
 i - 16 poisoned darts
Armour
 a - a +1 robe (melded)
Jewellery
 g - an amulet of the acrobat (around neck)
 k - a ring of fire
Wands
 c - a wand of flame (14)
 d - a wand of polymorph (12)
Scrolls
 e - a scroll of fear
 j - 2 scrolls of blinking
 n - a scroll of identify
Potions
 b - 2 potions of heal wounds {unknown}
 f - 2 potions of berserk rage
 h - a potion of attraction {unknown}
 o - a potion of might {unknown}
 q - a potion of haste {unknown}
 r - a potion of magic {unknown}


   Skills:
 - Level 1.1 Fighting
 - Level 2.6 Dodging
 * Level 7.0 Unarmed Combat
 - Level 2.0 Spellcasting
 + Level 3.2 Transmutations
 + Level 1.2 Poison Magic


You had 5 spell levels left.
You knew the following spells:

 Your Spells              Type           Power      Damage    Failure   Level
a - Beastly Appendage     Tmut           20%        N/A       17%         1
b - Spider Form           Tmut/Pois      7%         N/A       50%         3

Your spell library contained the following spells:

 Spells                   Type           Power      Damage    Failure   Level
 Wereblood                Tmut           10%        N/A       24%         2
 Static Discharge         Conj/Air       1%         N/A       56%         2
 Ice Form                 Ice/Tmut       5%         N/A       90%         4
 Lightning Bolt           Conj/Air       0%         1d11      100%        5
 Maxwell's Capacitive Co  Air            0%         ∞         100%        8


Dungeon Overview and Level Annotations

Branches:
Dungeon (4/15)
 Temple: D:4-7

Altars:
Okawaru
Qazlal

Shops:
D:3 ![*([

Annotations:
D:3 3 runed translucent doors, kae's ghost, amateur DsAK


Innate Abilities, Weirdness & Mutations

You are a venomous arachnid creature.
You have poisonous fangs.
You are tiny and dextrous.
Your spellcasting is less reliable in this form.
Your armour is entirely melded.
You are incapable of wielding weapons or throwing items.
((You are quick and stealthy near water. (Stealth+, EV+, Speed+++)))
((Your lower body shifts to a powerful aquatic tail in water.))
You have a somewhat thin skeletal structure. (Dex +2, Stealth+)
You are frail. (-10% HP)
Your magical capacity is low. (-10% MP)


Message History

The centaur skeleton is moderately damaged.
The centaur skeleton hits you. The centaur skeleton kicks you.
You punch the centaur skeleton!
The centaur skeleton is severely damaged.
The centaur skeleton misses you. The centaur skeleton kicks you.
You punch the centaur skeleton! You punch the centaur skeleton.
You destroy the centaur skeleton!
You start resting.
You hear the brisk rusting of a drain nearby.
You start resting.
A steam dragon comes into view.
Casting: Beastly Appendage (safe; 6% risk of failure)
Confirm with . or Enter, or press ? or * to list all spells.
The spell is quite dangerous to cast (28% risk of failure)!
Continue anyway?
You turn into a venomous arachnid creature.
Your +1 robe melds into your body.
The steam dragon hisses angrily.
You hear the brisk rusting of a distant drain.
The steam dragon breathes steam at you. The ball of steam misses you.
The steam dragon completely misses you. x2
You bite the steam dragon!
The steam dragon is moderately wounded.
You hit the steam dragon.
The steam dragon is poisoned.
The steam dragon is moderately wounded.
The steam dragon breathes steam at you. The ball of steam misses you.
You bite the steam dragon!
The steam dragon looks as sick as possible!
The steam dragon is heavily wounded.
You are engulfed in a cloud of scalding steam.
The steam dragon closely misses you. x2
You hit the steam dragon.
The steam dragon looks as sick as possible!
The steam dragon is almost dead.
You are engulfed in a cloud of scalding steam.
The steam dragon breathes steam at you. The ball of steam hits you!!
Ouch! That really hurt!
You die...

#..#
#######..#
...D.....#
#######.##
#.# #.#
#.#
########D#
......§.s#
##########


You could see a steam dragon (extremely poisoned, catching breath).

Vanquished Creatures
  A water moccasin skeleton (D:4)
  2 orc priests (D:3)
  A centaur skeleton (D:4)
  4 adders
  A gnoll (D:1)
  2 worms (D:2)
  4 dart slugs
  8 orcs
  7 ball pythons
  6 endoplasms
  A giant cockroach (D:2)
  2 goblins (D:1)
  4 hobgoblins
  2 jackals (D:4)
  2 quokkas
  9 bats
  2 frilled lizards (D:3)
  5 kobolds
  3 rats
66 creatures vanquished.

Vanquished Creatures (others)
  A plant (D:1)
1 creature vanquished.

Grand Total: 67 creatures vanquished

Notes
Turn   | Place    | Note
-------+----------+-------------------------------------------
     0 | D:1      | mcbry74 the Merfolk Transmuter began the quest for the Orb.
     0 | D:1      | Reached XP level 1. HP: 15/15 MP: 3/3
   171 | D:1      | Found a faded altar of an unknown god.
   433 | D:1      | Reached XP level 2. HP: 21/21 MP: 5/5
   640 | D:1      | Reached skill level 4 in Unarmed Combat
   882 | D:1      | Reached XP level 3. HP: 22/26 MP: 6/6
  1416 | D:2      | Gained mutation: You expend magic power (3 MP) to
                  | strengthen your wands. [potion of mutation]
  1416 | D:2      | Gained mutation: You are partially covered in iridescent
                  | scales. (AC +2) [potion of mutation]
  1416 | D:2      | Gained mutation: You are frail. (-10% HP) [potion of
                  | mutation]
  1416 | D:2      | Gained mutation: You have a somewhat thin skeletal
                  | structure. (Dex +2, Stealth+) [potion of mutation]
  1418 | D:2      | Lost mutation: You are partially covered in iridescent
                  | scales. (AC +2) [potion of mutation]
  1418 | D:2      | Lost mutation: You expend magic power (3 MP) to strengthen
                  | your wands. [potion of mutation]
  1418 | D:2      | Gained mutation: Your magical capacity is low. (-10% MP)
                  | [potion of mutation]
  1734 | D:2      | Found a stormy altar of Qazlal.
  1740 | D:2      | Reached skill level 5 in Unarmed Combat
  1897 | D:2      | Reached XP level 4. HP: 5/28 MP: 4/6
  2589 | D:3      | Found an iron altar of Okawaru.
  2592 | D:3      | Found Wuthryclu's Armour Shoppe.
  2952 | D:3      | Noticed kae's ghost (amateur DsAK)
  2984 | D:3      | Found a runed translucent gate.
  2984 | D:3      | Found a runed translucent gate.
  2985 | D:3      | Found a runed translucent gate.
  3020 | D:3      | Found Ciojash's Weapon Emporium.
  3202 | D:3      | Found Qextuare's Distillery.
  3247 | D:3      | Reached skill level 6 in Unarmed Combat
  3247 | D:3      | Reached XP level 5. HP: 29/33 MP: 5/7
  3477 | D:3      | Found Ubbiuj's Antique Armour Shoppe.
  3654 | D:3      | Learned a level 3 spell: Spider Form
  3694 | D:3      | Found Vimp's Assorted Antiques.
  3700 | D:3      | Bought a scroll labelled DAAPPOA LAUPT for 18 gold pieces
  3700 | D:3      | Bought a sedimented inky potion for 16 gold pieces
  3700 | D:3      | Bought a blue potion for 16 gold pieces
  3700 | D:3      | Bought a scroll labelled DUCVAL JOSHREIM for 18 gold pieces
  4154 | D:4      | Reached skill level 1 in Poison Magic
  4154 | D:4      | Reached XP level 6. HP: 18/38 MP: 8/8
  4219 | D:4      | Reached skill level 7 in Unarmed Combat
  4311 | D:4      | Noticed a steam dragon
  4329 | D:4      | Killed from afar by a steam dragon

Illustrated notes

Levels and vault maps discovered:
D:1:      wander_arrival_estate, layout_basic,
          shapermc_ecumenical_altar_totnotflames, serial_forest,
          infiniplex_forest_side_room, infiniplex_forest_clump_small,
          infiniplex_forest_lined_ring, infiniplex_forest_clump_small,
          infiniplex_forest_end_2, infiniplex_forest_straight_3,
          infiniplex_forest_lined_4_way, infiniplex_forest_diagonal,
          infiniplex_forest_split, nicolae_grassy_gnolls
D:2:      layout_rooms, basic_altar, guppyfry_early_lair_pool
D:3:      layout_loops_ring, mainiacjoe_overflow_boulevard,
          gammafunk_ghost_split, serial_shops, shop, shop, shop, shop,
          nicolae_shop_bloodbath_and_beyond, chequers_serial_rivers_micro_d,
          nrook_mini_vaults, hangedman_decor_clover_reticule, roderic_batcave,
          amcnicky_mini_corridor_feature
D:4:      layout_loops_ring, marbit_many_paths, tgw_kikubaaqudgha,
          gup_sewer_entry_spiral, uniq_duvessa

Skill      XL: |  1  2  3  4  5  6 |
---------------+-------------------+-----
Unarmed Combat | 4 5 6 7 |  7.0
Transmutations | 3 |  3.2
Poison Magic   | 1 |  1.2
Fighting       | |  1.1
Dodging        | |  2.6
Spellcasting   | |  2.0

Action                   |  1- 3 |  4- 6 || total
-------------------------+-------+-------++-------
Melee: Unarmed           |    91 |   137 ||   228
       Headbutt          |     7 |    14 ||    21
       Punch             |     3 |     5 ||     8
 Cast: Beastly Appendage |    10 |     8 ||    18
       Spider Form       |       |     1 ||     1
  Use: Potion            |     3 |       ||     3
       Scroll            |       |    10 ||    10
 Stab: Sleeping          |     3 |     2 ||     5
Armor: Robe              |    10 |    22 ||    32
Dodge: Dodged            |    58 |   102 ||   160

Table legend: (Time is in decaauts)
 A = Elapsed time spent in this place.
 B = Non-inter-level travel time spent in this place.
 C = Inter-level travel time spent in this place.
 D = Time resting spent in this place.
 E = Time spent auto-exploring this place.
 F = Levels seen in this place.
 G = Mean time per level.
                   A        B        C        D        E       F      G
               +--------+--------+--------+--------+--------+-----+--------+
         Total |   4301 |   4267 |     34 |   1331 |   2269 |   4 | 1075.2 |
       Dungeon |   4301 |   4267 |     34 |   1331 |   2269 |   4 | 1075.2 |
               +--------+--------+--------+--------+--------+-----+--------+

Top non-repeatable levels by time:
     D:1: 1391 daAuts
     D:3: 1366 daAuts
     D:2: 1184 daAuts
     D:4: 358 daAuts
